 Dungeon Crawl Stone Soup version 0.29-a0-330-g52719c12eb (webtiles) character file.

Game seed: 4372961479841097082

4991 Leszczynek the Cleaver (level 10, -5/83 HPs)
             Began as a Human Gladiator on Apr 12, 2022.
             Was a Priest of Okawaru.
             Slain by a seven-headed hydra (8 damage)
             ... on level 11 of the Dungeon on Apr 13, 2022.
             The game lasted 00:31:23 (3814 turns).

Leszczynek the Cleaver (Human Gladiator)            Turns: 3814, Time: 00:31:24

Health: -5/83      AC: 11    Str: 17    XL:     10   Next: 83%
Magic:  12/13      EV: 16    Int: 10    God:    Okawaru [***...]
Gold:   20         SH:  6    Dex: 15    Spells: 9/9 levels left

rFire   . . .      SeeInvis .   b - +6 spear of Tumult {spect, Will+}
rCold   + . .      Faith    .   C - +0 buckler {reflect}
rNeg    . . .      Spirit   .   q - +1 ring mail {rC+}
rPois   .          Reflect  +   m - +1 helmet
rElec   .          Harm     .   f - +1 cloak
rCorr   +          Rampage  .   (no gloves)
Will    +....                   (no boots)
Stlth   ++........              (no amulet)
HPRegen 0.23/turn               A - ring of resist corrosion
MPRegen 0.13/turn               (no ring)

@: heroic
A: no striking features
a: Renounce Religion, Heroism


You were on level 11 of the Dungeon.
You worshipped Okawaru.
Okawaru was most pleased with you.
You visited 2 branches of the dungeon, and saw 13 of its levels.

You collected 382 gold pieces.
You spent 362 gold pieces at shops.

Inventory:

Hand Weapons
 a - a +0 war axe
 b - the +6 spear of Tumult (weapon) {spect, Will+}
   (You found it on level 5 of the Dungeon)

   When its wielder attacks, the weapon's spirit leaps out and strikes again.
   The spirit shares a part of any damage it takes with its wielder.
   Will:      It increases your willpower.
 c - a +0 long sword
 s - a +0 dire flail of protection
 x - a +1 shortbow of freezing
Missiles
 d - 2 throwing nets
 e - a javelin
 o - 2 atropa-tipped darts
 p - 9 poisoned darts (quivered)
Armour
 f - a +1 cloak (worn)
 m - a +1 helmet (worn)
 q - a +1 ring mail of cold resistance (worn)
 C - a +0 buckler of reflection (worn)
 D - the +1 leather armour of Supple Strength {rF+}
   (You bought it in a shop on level 11 of the Dungeon)

   rF:        It protects you from fire.
Jewellery
 A - a ring of resist corrosion (left hand)
Wands
 u - a wand of digging (9)
 w - a wand of mindburst (10)
 E - a wand of iceblast (2)
Scrolls
 g - 2 scrolls of holy word {!r}
 i - 2 scrolls of magic mapping
 k - 2 scrolls of fear
 l - 3 scrolls of enchant weapon
 n - 2 scrolls of torment {unknown}
 r - a scroll of teleportation
 t - a scroll of vulnerability {unknown}
 v - 2 scrolls of amnesia
 y - a scroll of fog {unknown}
Potions
 h - 3 potions of curing {@q1}
 j - a potion of degeneration
 z - a potion of haste
 B - a potion of invisibility {unknown}


   Skills:
 - Level 9.0(14.0) Fighting
 + Level 9.5(14.5) Axes
 - Level 4.0(9.0) Throwing
 - Level 6.7(11.7) Dodging
 * Level 3.0(8.0) Shields
 - Level 4.4 Invocations


You had 9 spell levels left.
You didn't know any spells.
Your spell library contained the following spells:

 Spells                   Type           Power      Damage    Failure   Level
 Sting                    Tmut/Pois      0%         1d3       63%         1
 Poisonous Vapours        Pois/Air       0%         N/A       77%         2
 Olgreb's Toxic Radiance  Pois           0%         N/A       100%        4
 Borgnjor's Vile Clutch   Necr/Erth      0%         N/A       100%        5
 Animate Dead             Necr           Unusable   N/A       N/A         4
 Death Channel            Necr           Unusable   N/A       N/A         6

Dungeon Overview and Level Annotations

Branches:
Dungeon (12/15)            Temple (1/1) D:7
   Lair: D:8-11         Orc: D:9-12

Altars:
Ashenzari
Cheibriados
Elyvilon
Fedhas
Hepliaklqana
Kikubaaqudgha
Nemelex Xobeh
Okawaru
Qazlal
Ru
Sif Muna
Trog
Vehumet
Xom
Yredelemnul
Zin

Shops:
D:11 [

Annotations:
D:5 Sigmund
D:6 Menkaure
D:9 lair?


Message History

The seven-headed hydra bites you but does no damage.
The seven-headed hydra bites you!
You block the seven-headed hydra's attack. x2
The seven-headed hydra bites you. The seven-headed hydra misses you.
The seven-headed hydra bites you.
You barely miss the seven-headed hydra.
The seven-headed hydra is heavily wounded.
The seven-headed hydra barely misses you.
The seven-headed hydra bites you.
You block the seven-headed hydra's attack. x2
The seven-headed hydra bites you but does no damage.
The seven-headed hydra bites you!
* * * LOW HITPOINT WARNING * * *
The seven-headed hydra completely misses you.
Unknown command.
Unknown command.
You puncture the seven-headed hydra!
The seven-headed hydra is severely wounded.
You feel better. You block the yak's attack.
The seven-headed hydra bites you but does no damage.
The seven-headed hydra completely misses you.
The seven-headed hydra bites you!
* * * LOW HITPOINT WARNING * * *
You block the seven-headed hydra's attack. x2
The seven-headed hydra bites you but does no damage.
The seven-headed hydra misses you.
Unknown command.
Unknown command.
You hit the seven-headed hydra.
The seven-headed hydra is severely wounded.
The yak gores you.
* * * LOW HITPOINT WARNING * * *
The seven-headed hydra bites you.
* * * LOW HITPOINT WARNING * * *
The seven-headed hydra bites you.
* * * LOW HITPOINT WARNING * * *
The seven-headed hydra bites you but does no damage.
You block the seven-headed hydra's attack.
The seven-headed hydra bites you!
You die... ### #@##### #DYYYY#

#.#.###Y# #.#.# #D#.#
..#.# #.#.# #.#.#
######.#.#############


You could see a seven-headed hydra and 5 yaks.

Vanquished Creatures
  2 two-headed ogres
  2 trolls (D:11)
  A hornet (D:9)
  2 shadows
  A wyvern (D:8)
  2 yaks
  2 steam dragons
  A water moccasin (D:7)
  2 orc warriors
  A black bear (D:6)
  An ogre (D:6)
  2 centaurs (D:8)
  A phantom (D:7)
  2 kobold brigands (D:6)
  2 bullfrogs (D:7)
  A necrophage (D:5)
  6 killer bees
  4 howler monkeys
  2 hounds (D:5)
  5 orc priests
  2 gnoll shamans
  4 iguanas
  5 orc wizards
  11 gnolls
  3 adders (D:4)
  A shadow imp (D:5)
  A white imp (D:6)
  2 ufetubi
  A worm (D:4)
  A dart slug (D:5)
  28 orcs
  An endoplasm (D:2)
  2 giant cockroaches (D:2)
  3 goblins
  12 jackals
  A quokka (D:1)
  2 ball pythons
  A bat (D:1)
  A frilled lizard (D:1)
  17 kobolds
  A rat (D:1)
142 creatures vanquished.

Vanquished Creatures (others)
  A plant (D:4)
1 creature vanquished.

Grand Total: 143 creatures vanquished

Notes
Turn   | Place    | Note
-------+----------+-------------------------------------------
     0 | D:1      | Leszczynek the Human Gladiator began the quest for the Orb.
     0 | D:1      | Reached XP level 1. HP: 16/16 MP: 1/1
    37 | D:1      | Reached XP level 2. HP: 14/23 MP: 2/2
   114 | D:1      | Reached XP level 3. HP: 14/28 MP: 3/3
   381 | D:4      | Reached XP level 4. HP: 33/34 MP: 4/4
   444 | D:5      | Entered Level 5 of the Dungeon
   477 | D:5      | Noticed a necrophage
   493 | D:5      | Reached skill level 3 in Fighting
   510 | D:5      | Killed a necrophage
   511 | D:5      | Reached skill level 4 in Axes
   511 | D:5      | Reached XP level 5. HP: 23/41 MP: 5/5
   665 | D:5      | Noticed Sigmund
   776 | D:5      | Identified the +6 spear of Tumult {spect, Will+}
   777 | D:5      | hm
   854 | D:5      | Reached XP level 6. HP: 47/48 MP: 6/6
   859 | D:5      | Reached skill level 3 in Throwing
   879 | D:5      | Reached skill level 4 in Fighting
   901 | D:5      | Found a shimmering blue altar of Sif Muna.
  1055 | D:6      | Noticed an ogre
  1072 | D:6      | Killed an ogre
  1073 | D:6      | Reached skill level 4 in Dodging
  1073 | D:6      | Reached XP level 7. HP: 26/55 MP: 7/7
  1110 | D:6      | Reached skill level 5 in Axes
  1120 | D:6      | Found a white marble altar of Elyvilon.
  1157 | D:5      | Found a shimmering altar of Xom.
  1352 | D:7      | Reached skill level 5 in Fighting
  1368 | D:7      | Reached XP level 8. HP: 57/62 MP: 8/8
  1392 | D:6      | Found a stormy altar of Qazlal.
  1398 | D:6      | Reached skill level 4 in Throwing
  1455 | D:7      | Reached skill level 6 in Axes
  1491 | D:6      | Reached skill level 6 in Fighting
  1528 | D:6      | Noticed Menkaure
  1731 | D:7      | Reached skill level 5 in Dodging
  1784 | D:7      | Found a staircase to the Ecumenical Temple.
  1800 | Temple   | Entered the Ecumenical Temple
  1819 | Temple   | Became a worshipper of Warmaster Okawaru
  1960 | D:7      | Reached XP level 9. HP: 37/71 MP: 9/9
  1982 | D:7      | Reached skill level 1 in Invocations
  2026 | D:7      | Reached * piety under Okawaru
  2027 | D:7      | Reached skill level 7 in Axes
  2192 | D:8      | Reached skill level 7 in Fighting
  2197 | D:8      | Reached skill level 2 in Invocations
  2672 | D:9      | Noticed a hornet
  2677 | D:9      | Killed a hornet
  2749 | D:9      | Noticed a death yak
  2785 | D:9      | Reached ** piety under Okawaru
  2786 | D:9      | Reached skill level 8 in Axes
  2786 | D:9      | Reached skill level 6 in Dodging
  2786 | D:9      | Reached skill level 3 in Invocations
  2792 | D:9      | Noticed a death yak
  2792 | D:9      | Noticed a death yak
  2812 | D:8      | Reached skill level 8 in Fighting
  2812 | D:8      | Reached XP level 10. HP: 72/80 MP: 12/12
  2926 | D:10     | Entered Level 10 of the Dungeon
  3045 | D:9      | Noticed a two-headed ogre
  3066 | D:9      | Killed a two-headed ogre
  3067 | D:9      | Reached skill level 4 in Invocations
  3214 | D:10     | Noticed a two-headed ogre
  3226 | D:10     | Killed a two-headed ogre
  3226 | D:10     | Reached *** piety under Okawaru
  3227 | D:10     | Reached skill level 9 in Axes
  3242 | D:10     | Found a sparkling altar of Nemelex Xobeh.
  3291 | D:11     | Found Reulapei's Antique Armour Boutique.
  3302 | D:11     | Reached skill level 9 in Fighting
  3332 | D:11     | Reached skill level 1 in Shields
  3395 | D:11     | Reached skill level 2 in Shields
  3442 | D:11     | Bought a runed buckler for 187 gold pieces
  3442 | D:11     | Bought a faintly glowing leather armour for 175 gold pieces
  3442 | D:11     | Identified the +1 leather armour of Supple Strength {rF+}
                  | (You bought it in a shop on level 11 of the Dungeon)
  3499 | D:11     | Reached skill level 3 in Shields
  3624 | D:11     | Noticed a seven-headed hydra
  3813 | D:11     | HP: 13/83 [seven-headed hydra (9)]
  3814 | D:11     | HP: 3/83 [seven-headed hydra (5)]
  3814 | D:11     | Slain by a seven-headed hydra

Illustrated notes

###
#.##########
#...@.......
#.##########
#.# #.# #.#
#.# #.# #<#
###


Turn 777 on D:5: hm

Levels and vault maps discovered:
D:1:      lightli_arrival_flooded_house, layout_basic
D:2:      layout_basic, minivault_11, uniq_jessica
D:3:      layout_basic, mainiacjoe_overflow_brackets, lemuel_doored_altar,
          lemuel_another_geyser
D:4:      layout_basic, serial_forest, infiniplex_forest_diagonal,
          infiniplex_forest_clump_C, infiniplex_forest_lined_2,
          infiniplex_forest_clump_tiny, infiniplex_forest_zigzag_1
D:5:      layout_basic, amcnicky_altar_gilded, mainiacjoe_overflow_chevrons,
          cheibrodos_sewer_entry_bend, uniq_sigmund
D:6:      layout_gridville, old_standard_altar,
          mainiacjoe_overflow_concentric_impassable, makhleb_altar_promises_db,
          uniq_menkaure
D:7:      layout_basic, minmay_temple_entry_drinking_statues
D:8:      layout_basic, serial_bayou_pond_a, columned_hall_lemuel
D:9:      layout_cave_pods, marbit_many_paths, dpeg_lair_monsters,
          grunt_ministairs_15
D:10:     layout_irregular_city, nicolae_overflow_hidden_temple, serial_shops,
          nicolae_shop_advertising_works [nicolae_subvault_shop_adworks],
          nicolae_shop_competitors_out_of_business, uniq_harold
D:11:     layout_basic, serial_shops, nicolae_shop_waterfront,
          palyth_stone_intersect
D:12:     layout_cave_pools, erik_orc_4, kennysheep_crisscross,
          minmay_mirror_moons_of_madness, uniq_lodul, uniq_rupert, uniq_kirke,
          uniq_azrael, uniq_fannar
Temple:   minmay_temple_curvy_loop

Skill      XL: |  1  2  3  4  5  6  7  8  9 10 |
---------------+-------------------------------+-----
Fighting       | 3 4 5 6 8 9 |  9.0
Axes           | 4 5 6 8 9 |  9.5
Throwing       | 3 4 |  4.0
Dodging        | 4 5 6 |  6.7
Invocations    | 3 4 |  4.4
Shields        | 3 |  3.0

Action                   |  1- 3 |  4- 6 |  7- 9 | 10-12 || total
-------------------------+-------+-------+-------+-------++-------
Melee: War axe           |    43 |    47 |       |       ||    90
       Punch             |     1 |     2 |       |       ||     3
       Spear             |       |    25 |   152 |    61 ||   238
 Fire: Shortbow          |       |       |     3 |       ||     3
Throw: Throwing net      |     5 |     2 |       |       ||     7
       Javelin           |       |     1 |       |       ||     1
       Dart              |       |     2 |    21 |    11 ||    34
Invok: Heroism           |       |       |     1 |     4 ||     5
Evoke: Wand              |       |       |       |     1 ||     1
  Use: Scroll            |       |     1 |     9 |     2 ||    12
       Potion            |       |       |     4 |     1 ||     5
 Stab: Held in net/web   |     1 |       |       |       ||     1
       Sleeping          |       |     2 |       |       ||     2
       Distracted        |       |     1 |     1 |     2 ||     4
Armor: Leather armour    |    20 |    11 |       |       ||    31
       Ring mail         |       |     1 |    37 |    23 ||    61
Dodge: Dodged            |    39 |    36 |    76 |    36 ||   187
Block: Buckler           |       |       |       |    14 ||    14

Table legend: (Time is in decaauts)
 A = Elapsed time spent in this place.
 B = Non-inter-level travel time spent in this place.
 C = Inter-level travel time spent in this place.
 D = Time resting spent in this place.
 E = Time spent auto-exploring this place.
 F = Levels seen in this place.
 G = Mean time per level.
                   A        B        C        D        E       F      G
               +--------+--------+--------+--------+--------+-----+--------+
         Total |   3810 |   3511 |    299 |     10 |      0 |  13 |  293.1 |
       Dungeon |   3708 |   3420 |    288 |     10 |      0 |  12 |  309.0 |
        Temple |    101 |     90 |     11 |      0 |      0 |   1 |  101.0 |
               +--------+--------+--------+--------+--------+-----+--------+

Top non-repeatable levels by time:
     D:7: 625 daAuts
     D:8: 566 daAuts
    D:11: 503 daAuts
     D:5: 391 daAuts
     D:6: 389 daAuts
     D:4: 313 daAuts
     D:9: 272 daAuts
    D:10: 257 daAuts
     D:1: 148 daAuts
     D:3: 121 daAuts
     D:2: 115 daAuts
  Temple: 101 daAuts
    D:12: 5 daAuts
